 Dungeon Crawl Stone Soup version 0.22-a0-136-g83a10e5 (webtiles) character file.

57 KristoblXynda the Slasher (level 3, -3/29 HPs)
             Began as a Demigod Gladiator on Feb 2, 2018.
             Slain by an ice beast (5 damage)
             ... on level 3 of the Dungeon.
             The game lasted 00:02:23 (1119 turns).

KristoblXynda the Slasher (Demigod Gladiator)       Turns: 1119, Time: 00:02:25

Health: -3/29      AC:  6    Str: 19    XL:     3   Next: 50%
Magic:  5/5        EV: 12    Int: 12    God:
Gold:   91         SH:  0    Dex: 17    Spells: 2/2 levels left

rFire    . . .     SeeInvis .   a - +0 long sword
rCold    . . .     Gourm    .   (no shield)
rNeg     . . .     Faith    .   l - +0 ring mail
rPois    .         Spirit   .   c - +0 helmet
rElec    .         Reflect  .   (no cloak)
rCorr    .         Harm     .   (no gloves)
MR       .....                  (no boots)
Stlth    +.........             (no amulet)
HPRegen  0.09/turn              (no ring)
MPRegen  0.09/turn              (no ring)

@: no status effects
A: high mp 1
a: no special abilities


You were on level 3 of the Dungeon.
You were hungry.

You visited 1 branch of the dungeon, and saw 3 of its levels.

You collected 91 gold pieces.

Inventory:

Hand Weapons
 a - a +0 long sword (weapon)
Missiles
 d - 2 throwing nets (quivered)
Armour
 c - a +0 helmet (worn)
 l - a +0 ring mail (worn)
Jewellery
 q - an uncursed amulet of faith {unknown}
Wands
 p - a wand of random effects (33)
Scrolls
 e - 3 scrolls of remove curse {unknown}
 h - a scroll of fear {unknown}
 i - a scroll of magic mapping {unknown}
 j - a scroll of immolation {unknown}
 k - 3 scrolls of identify {unknown}
 o - a scroll of fog {unknown}
Potions
 b - a potion of curing {unknown}
 g - a potion of haste {unknown}
 m - a potion of agility {unknown}
Books
 n - a book of Maledictions

   Spells                             Type                      Level
   a - Corona                         Hexes                        1
   b - Ensorcelled Hibernation        Hexes/Ice                    2
   c - Confuse                        Hexes                        3
   d - Tukima's Dance                 Hexes                        3
   e - Dazzling Spray                 Conjuration/Hexes            3
Comestibles
 f - 4 rations


   Skills:
 - Level 1.7 Fighting
 * Level 3.5 Long Blades
 - Level 2.0 Throwing
 + Level 1.0 Armour
 + Level 3.2 Dodging


You had 2 spell levels left.
You didn't know any spells.

Dungeon Overview and Level Annotations

Branches:
Dungeon (3/15)


Innate Abilities, Weirdness & Mutations

You have an increased reservoir of magic. (+10% MP)


Message History

You hit the ice beast.
The ice beast is severely wounded.
The ice beast struggles against the net.
The net rips apart, and the ice beast comes free!
You barely miss the ice beast.
The ice beast is severely wounded.
The ice beast hits you. The ice beast freezes you!
You closely miss the ice beast.
The ice beast is severely wounded.
The ice beast barely misses you.
You riposte.
Your ring mail prevents you from hitting the ice beast.
The ice beast is severely wounded.
You hit the ice beast.
The ice beast is severely wounded.
The ice beast hits you. The ice beast freezes you!
* * * LOW HITPOINT WARNING * * *
The ice beast hits you.
* * * LOW HITPOINT WARNING * * *
The ice beast freezes you.
You die...

#................#
.>...............#
#..............#
##.)............#
#(.............#
##..#...[......#
#...####.#.#####
#.#.# #....## #@#.#
#.#..<# #Y#.#
#.#.#.# #......<#
#.#.#.# #.......#
#...... #.....#...
......#
.....#.###.......##
>.....#.# .##....#
....###.# # ....#
$..# ..#


You could see an ice beast.

Vanquished Creatures
  An adder (D:2)
  A worm (D:3)
  A dart slug (D:1)
  A leopard gecko (D:2)
  2 bats (D:1)
  3 giant cockroaches (D:1)
  8 goblins
  2 hobgoblins (D:2)
  5 jackals (D:1)
  8 frilled lizards
  4 kobolds
  3 rats
39 creatures vanquished.

Notes
Turn   | Place    | Note
-------+----------+-------------------------------------------
     0 | D:1      | KristoblXynda the Demigod Gladiator began the quest for the Orb.
     0 | D:1      | Reached XP level 1. HP: 17/17 MP: 3/3
   156 | D:1      | Reached XP level 2. HP: 24/24 MP: 4/4
   817 | D:2      | Reached XP level 3. HP: 29/29 MP: 5/5
   935 | D:2      | Reached skill level 1 in Armour
  1108 | D:3      | Noticed an ice beast
  1119 | D:3      | Slain by an ice beast

Vault maps used:
D:1:      dpeg_arrival_stone_temple_mockup
D:2:      first_ration, minmay_lizard_pond
D:3:      grunt_qazlal_clouds, lemuel_coloured_pillars_altar, uniq_ijyb

Skill      XL: |  1  2  3 |
---------------+----------+-----
Throwing       | 2 |  2.0
Long Blades    | 3 |  3.5
Dodging        | 3 |  3.2
Armour         | 1 |  1.0
Fighting       | |  1.7

Action                   || total
-------------------------++-------
Melee: Long sword        ||   101
Throw: Throwing net      ||     1
 Stab: Held in net/web   ||     1
Armor: Leather armour    ||    18
       Ring mail         ||    21
Dodge: Dodged            ||    83
       Rpst.: Long sword ||    20

Table legend:
 A = Spawn XP
 B = Non-spawn XP
 C = Spawn XP percentage of total XP
 D = Spawn monster count
 E = Non-spawn monster count
 F = Spawn count percentage of total count
 G = Total turns spent on level
                    A         B        C        D         E        F      G
               +---------+---------+-------+---------+---------+-------+---------
         Total |       0 |      82 |   0.0 |       0 |      39 |   0.0 |  1119
               +---------+---------+-------+---------+---------+-------+---------
           D:1 |       0 |      36 |   0.0 |       0 |      19 |   0.0 |   726
           D:2 |       0 |      39 |   0.0 |       0 |      18 |   0.0 |   359
           D:3 |       0 |       7 |   0.0 |       0 |       2 |   0.0 |    34
               +---------+---------+-------+---------+---------+-------+---------
